 Dungeon Crawl Stone Soup version 0.30-a0-691-g754fce4c43 (webtiles) character file.

Game seed: 11432234181346411500

974 Dirtsage the Changer (level 8, -3/57 HPs)
             Began as an Octopode Transmuter on Jan 19, 2023.
             Slain by an orc priest
             ... wielding a +0 trident
              (4 damage)
             ... on level 6 of the Dungeon.
             The game lasted 00:10:40 (4842 turns).

Dirtsage the Changer (Octopode Transmuter)          Turns: 4842, Time: 00:10:41

Health: -3/57      AC:  7    Str: 10    XL:     8   Next: 16%
Magic:  8/11       EV: 10    Int: 17    God:
Gold:   199        SH:  0    Dex: 12    Spells: 4/11 levels left

rFire   x . .      SeeInvis .      - Unarmed
rCold   + + +      Faith    .    (shield currently unavailable)
rNeg    . . .      Spirit   .    (helmet currently unavailable)
rPois   +          Reflect  .    (no amulet)
rElec   .          Harm     .    (no ring)
rCorr   .          Rampage  .    (no ring)
Will    .....                    (no ring)
Stlth   +                        (no ring)
HPRegen 0.29/turn                (no ring)
MPRegen 0.12/turn                (no ring)
                                 (no ring)
                                 (no ring)

@: ice-form
A: freezing attack, boosted hp, almost no armour, amphibious, 8 rings, large,
(camouflage 1), (gelatinous body 1), (nimble swimmer 1), (tentacles)
a: End Transformation


You were on level 6 of the Dungeon.
You were a creature of crystalline ice.
You visited 1 branch of the dungeon, and saw 6 of its levels.

You collected 259 gold pieces.
You spent 60 gold pieces at shops.

Inventory:

Missiles
 r - a throwing net
Magical Staves
 p - a staff of air
Wands
 a - a wand of charming (11)
 j - a wand of polymorph (3)
Scrolls
 e - a scroll of enchant armour
 h - 3 scrolls of enchant weapon
 i - a scroll of magic mapping {unknown}
 m - 4 scrolls of amnesia
 n - 3 scrolls of poison
 t - 2 scrolls of teleportation
 B - a scroll of blinking
Potions
 b - 3 potions of attraction {unknown}
 c - a potion of invisibility {unknown}
 d - a potion of might
 f - a potion of berserk rage {unknown}
 g - a potion of brilliance {unknown}
 k - 3 potions of haste {unknown}
 l - a potion of heal wounds
 o - a potion of mutation
 q - 4 potions of curing {unknown}


   Skills:
 - Level 1.0 Fighting
 - Level 2.0 Dodging
 - Level 3.0 Unarmed Combat
 - Level 2.0 Spellcasting
 + Level 6.7 Transmutations
 + Level 6.3 Ice Magic


You had 4 spell levels left.
You knew the following spells:

 Your Spells              Type           Power      Damage    Failure   Level
a - Beastly Appendage     Tmut           48%        N/A       1%          1
b - Wereblood             Tmut           24%        N/A       1%          2
c - Ice Form              Ice/Tmut       23%        N/A       13%         4

Your spell library contained the following spells:

 Spells                   Type           Power      Damage    Failure   Level
 Passwall                 Tmut/Erth      10%        N/A       8%          2
 Ensorcelled Hibernation  Hex/Ice        24%        N/A       9%          2
 Spider Form              Tmut/Pois      13%        N/A       14%         3
 Slow                     Hex            4%         N/A       19%         1
 Confusing Touch          Hex            1%         N/A       50%         3
 Swiftness                Air            1%         N/A       50%         3
 Vampiric Draining        Necr           1%         2d6       50%         3


Dungeon Overview and Level Annotations

Branches:
Dungeon (6/15)
 Temple: D:4-7

Altars:
Kikubaaqudgha

Shops:
D:3 [(*

Annotations:
D:2 1 runed translucent door, Crazy Yiuf


Innate Abilities, Weirdness & Mutations

You are a creature of crystalline ice.
You have a powerful freezing melee attack.
Your maximum health is increased.
Your armour is entirely melded.
You are incapable of wielding weapons or throwing items.
You cannot wear most types of armour.
You are amphibious.
You can wear up to eight rings at the same time.
((Your skin changes colour to match your surroundings (Stealth+).))
((Your rubbery body absorbs attacks. (AC +1, EV +1)))
((You are camouflaged when in or above water. (Stealth+)))
((You have tentacles for arms and can constrict up to eight enemies at once.))


Message History

You howl as the wereblood boils in your veins!
Something hits you but does no damage.
The orc priest hits you but does no damage.
You punch something! You freeze something.
You feel a bit better.
Reactivating autopickup.
You feel a bit more experienced.
You regained 4 hp, and now have 29/57 hp.
The orc priest closely misses you.
Things that are here:
a +0 dagger; a +0 robe; an orc corpse You barely miss the orc priest.
An orc wizard comes into view. It is wielding a +0 dagger.
The orc priest barely misses you.
You barely miss the orc priest.
Your primal bloodlust has ended.
The orc wizard mumbles some strange words.
The orc wizard flickers and vanishes!
Deactivating autopickup; reactivate with Ctrl-A.
The orc priest calls down the wrath of Beogh upon you.
Pain shoots through your body!
You take 3 damage, and have 26/57 hp.
You barely miss the orc priest. The orc wizard closely misses you.
The orc priest hits you with a +0 trident.
You punch the orc priest! You freeze the orc priest.
The orc priest is severely wounded.
A puff of flame appears from out of thin air!
The puff of flame hits you! The fire burns you terribly!
* * * LOW HITPOINT WARNING * * *
The orc wizard hits you but does no damage.
The orc priest casts a cantrip, but nothing happens.
The orc priest calls down the wrath of Beogh upon you.
Beogh smites you!
* * * LOW HITPOINT WARNING * * *
You take 23 damage, and have 3/57 hp.
MASSIVE DAMAGE!!
You barely miss the orc priest.
The orc priest is severely wounded.
The orc wizard hits you with a +0 dagger.
* * * LOW HITPOINT WARNING * * *
The orc priest hits you with a +0 trident.
You die...

.##############
#
..............#
#
#.............#
#
#.......).....#
########oY.####
########o######
#.
#....o........#
#.#
##....)o.......#
#.#
......o........#
#.#
.............>.#
#.#
...............#
#.#
...#########.###
##.## .. #.##
#..))


You could see an orc priest and an orc wizard.

Vanquished Creatures
  Edmund (D:6)
  A black bear (D:6)
  A phantom (D:5)
  3 scorpions
  2 howler monkeys
  2 hounds (D:5)
  An orc priest (D:6)
  An iguana (D:5)
  3 orc wizards (D:6)
  9 gnolls
  6 adders
  A white imp (D:5)
  An ufetubus (D:5)
  4 dart slugs
  9 orcs
  6 ball pythons
  13 endoplasms
  8 giant cockroaches
  10 goblins
  6 hobgoblins
  5 jackals (D:2)
  8 quokkas
  5 bats
  5 frilled lizards
  13 kobolds
  9 rats
133 creatures vanquished.

Vanquished Creatures (collateral kills)
  A gnoll bouda (D:6)
  3 gnolls (D:6)
  A white imp (D:6)
5 creatures vanquished.

Grand Total: 138 creatures vanquished

Notes
Turn   | Place    | Note
-------+----------+-------------------------------------------
     0 | D:1      | Dirtsage the Octopode Transmuter began the quest for the
                  | Orb.
     0 | D:1      | Reached XP level 1. HP: 13/13 MP: 3/3
   183 | D:1      | Reached skill level 1 in Ice Magic
   183 | D:1      | Reached XP level 2. HP: 14/18 MP: 5/5
   685 | D:1      | Reached XP level 3. HP: 23/23 MP: 4/6
   930 | D:2      | Learned a level 2 spell: Wereblood
  1186 | D:2      | Reached XP level 4. HP: 28/28 MP: 2/7
  1341 | D:2      | Found a faded altar of an unknown god.
  1728 | D:2      | Found a runed translucent door.
  1729 | D:2      | Noticed Crazy Yiuf
  1849 | D:3      | Found an ancient bone altar of Kikubaaqudgha.
  1977 | D:3      | Reached XP level 5. HP: 29/33 MP: 8/8
  2163 | D:3      | Learned a level 4 spell: Ice Form
  2167 | D:3      | Found Merghilai's Antique Weapon Emporium.
  2222 | D:3      | Found Plog's General Store.
  2230 | D:3      | Bought a potion of heal wounds for 60 gold pieces
  2663 | D:3      | Found Seh Asim's Antique Armour Shop.
  2962 | D:4      | Reached XP level 6. HP: 34/38 MP: 2/9
  3631 | D:5      | Entered Level 5 of the Dungeon
  3700 | D:5      | Reached skill level 5 in Transmutations
  3857 | D:5      | Reached XP level 7. HP: 43/43 MP: 5/10
  4000 | D:5      | Reached skill level 5 in Ice Magic
  4545 | D:6      | Noticed Edmund
  4571 | D:6      | Your ally Edmund died
  4743 | D:6      | Reached XP level 8. HP: 48/48 MP: 5/11
  4842 | D:6      | HP: 1/57 [orc wizard/+0 dagger (2)]
  4842 | D:6      | Slain by an orc priest

Illustrated notes

Levels and vault maps discovered:
D:1:      scummos_arrival_simple_fountains, layout_basic
D:2:      layout_loops_ring, ebering_ecumenical_altar_mist, hex_tiny,
          minmay_indecisive_spiral, uniq_crazy_yiuf_cottage
D:3:      layout_basic, general_overflow_altar, serial_shops,
          nicolae_square_shop, nicolae_shop_competitors_out_of_business,
          nicolae_square_shop
D:4:      layout_loops_cross
D:5:      layout_layer_cave, serial_glass, glass_columns_b, glass_columns_c,
          glass_columns_c, glass_columns_c, glass_columns_a, glass_columns_b,
          glass_columns_b, glass_columns_b
D:6:      layout_basic, serial_shops, nicolae_stop_n_shop_1, uniq_edmund

Skill      XL: |  1  2  3  4  5  6  7 |
---------------+----------------------+-----
Ice Magic      | 1 2 3 4 6 |  6.3
Transmutations | 3 4 5 6 |  6.7
Fighting       | |  1.0
Dodging        | |  2.0
Unarmed Combat | |  3.0
Spellcasting   | |  2.0

Action                   |  1- 3 |  4- 6 |  7- 9 || total
-------------------------+-------+-------+-------++-------
Melee: Unarmed           |    77 |   166 |    78 ||   321
       Constrict         |    25 |    26 |     1 ||    52
       Tentacles         |    12 |    18 |     1 ||    31
       Kick              |    15 |    33 |       ||    48
       Punch             |     1 |     2 |       ||     3
 Cast: Beastly Appendage |    16 |    20 |       ||    36
       Wereblood         |     1 |     2 |     2 ||     5
       Ice Form          |       |     3 |     8 ||    11
Evoke: Wand              |       |       |     1 ||     1
  Use: Scroll            |       |    10 |       ||    10
       Potion            |       |     1 |       ||     1
 Stab: Sleeping          |     4 |    12 |       ||    16
Armor: Skin              |     9 |    42 |    29 ||    80
Dodge: Dodged            |    45 |    84 |    40 ||   169

Table legend: (Time is in decaauts)
 A = Elapsed time spent in this place.
 B = Non-inter-level travel time spent in this place.
 C = Inter-level travel time spent in this place.
 D = Time resting spent in this place.
 E = Time spent auto-exploring this place.
 F = Levels seen in this place.
 G = Mean time per level.
                   A        B        C        D        E       F      G
               +--------+--------+--------+--------+--------+-----+--------+
         Total |   4823 |   4690 |    133 |     66 |   3802 |   6 |  803.8 |
       Dungeon |   4823 |   4690 |    133 |     66 |   3802 |   6 |  803.8 |
               +--------+--------+--------+--------+--------+-----+--------+

Top non-repeatable levels by time:
     D:3: 1015 daAuts
     D:2: 927 daAuts
     D:1: 913 daAuts
     D:5: 863 daAuts
     D:4: 762 daAuts
     D:6: 340 daAuts
